 Dungeon Crawl Stone Soup version 0.24.0-41-g2ae2f7f1be (webtiles) character file.

Game seed: 9148958302072694218, levelgen mode: deterministic

642 Bombadil the Grave Robber (level 7, -1/46 HPs)
             Began as a Vampire Necromancer on Dec 12, 2019.
             Was an Initiate of Gozag.
             Slain by Pikel
             ... wielding a +2 whip of electrocution
              (9 damage)
             ... on level 4 of the Dungeon.
             The game lasted 00:14:58 (5219 turns).

Bombadil the Grave Robber (Vampire Necromancer)     Turns: 5219, Time: 00:14:58

Health: -1/46      AC:  3    Str:  7    XL:     7   Next: 26%
Magic:  15/15      EV: 13    Int: 19    God:    Gozag
Gold:   186        SH:  0    Dex: 15    Spells: 4/16 levels left

rFire    . . .     SeeInvis +   w - staff of poison
rCold    . . .     Gourm    .   (no shield)
rNeg     + . .     Faith    .   a - +0 robe
rPois    +         Spirit   .   (no helmet)
rElec    .         Reflect  .   (no cloak)
rCorr    .         Harm     .   i - +0 pair of gloves
MR       .....                  (no boots)
Stlth    +++.......             (no amulet)
HPRegen  0.35/turn              m - ring of positive energy
MPRegen  0.14/turn              (no ring)

@: regenerating quickly
A: no food, fangs 3, see invisible, unbreathing
a: Exsanguinate, Potion Petition, Call Merchant, Bribe Branch, Renounce Religion


You were on level 4 of the Dungeon.
You worshipped Gozag.
Gozag was aware of your devotion.
You were alive.

You visited 2 branches of the dungeon, and saw 6 of its levels.

You collected 266 gold pieces.
You paid 80 gold pieces to Gozag.

Inventory:

Hand Weapons
 k - a +0 whip
 u - a +2 short sword of protection
Armour
 a - a +0 robe (worn)
 i - a +0 pair of gloves (worn)
Magical Staves
 w - an uncursed staff of poison (weapon)
Jewellery
 m - a ring of positive energy (left hand)
Wands
 p - a wand of acid (11)
 y - a wand of paralysis (10)
Scrolls
 b - 3 scrolls of enchant armour {unknown}
 e - a scroll of teleportation {unknown}
 g - 5 scrolls of amnesia
 j - 4 scrolls of identify {unknown}
 q - 2 scrolls of enchant weapon {unknown}
 t - 2 scrolls of fear {unknown}
 v - 2 scrolls of remove curse
Potions
 c - a potion of magic {unknown}
 d - a potion of resistance {unknown}
 f - a potion of degeneration {unknown}
 h - a potion of might {unknown}
 l - a potion of flight {unknown}
 n - a potion of haste {unknown}
 o - a potion of cancellation {unknown}
 r - a potion of ambrosia {unknown}
 s - a potion of agility {unknown}
 x - a potion of brilliance {unknown}
 z - a potion of curing {unknown}


   Skills:
 + Level 2.4 Dodging
 + Level 4.0 Stealth
 + Level 5.4 Spellcasting
 + Level 0.2 Charms
 + Level 7.2 Necromancy


You had 4 spell levels left.
You knew the following spells:

 Your Spells              Type           Power        Failure   Level  Hunger
a - Pain                  Necr           ####         1%          1    N/A
b - Animate Skeleton      Necr           N/A          1%          1    N/A
c - Regeneration          Chrm/Necr      ###.......   8%          3    N/A
d - Animate Dead          Necr           N/A          6%          4    N/A
e - Vampiric Draining     Necr           ####......   1%          3    N/A

Your spell library contained the following spells:

 Spells                   Type           Power        Failure   Level  Hunger


Dungeon Overview and Level Annotations

Branches:
Dungeon (5/15)             Temple (1/1) D:4

Altars:
Cheibriados
Dithmenos
Elyvilon
Fedhas
Gozag
Hepliaklqana
Kikubaaqudgha
Makhleb
Nemelex Xobeh
Okawaru
Qazlal
Ru
Trog
Wu Jian
Xom
Yredelemnul
Zin

Shops:
D:4 [

Annotations:
D:4 Menkaure, Pikel


Innate Abilities, Weirdness & Mutations

You do not eat.
Your natural rate of healing is unusually fast.
You have razor-sharp teeth.
You have supernaturally acute eyesight. (SInv)
You can survive without breathing.


Message History

The slave closely misses you.
The orc wizard shouts!
You climb upwards.
Level annotation: Menkaure
There is a stone staircase leading down here.
You open the door. The ice beast hits you. The ice beast freezes you!
The slave hits you.
Pikel drinks a potion.
Pikel goes berserk!
The slave hits you! Pikel misses you. The slave barely misses you.
Pikel hits you but does no damage.
You are electrocuted!!
* * * LOW HITPOINT WARNING * * *
There is an open door here.
Okay, then.
Pikel rages.
Pikel misses you.
The slave shouts!
There is a stone staircase leading up here.
Pikel hits you with a +2 whip of electrocution!
You die...
Your body crumbles into a pile of gold.

##.[######.#########
#......[#.........'.
#.......#.........#.
##.)##..############
#..)##..########..##
#########..........#........
##...#...##.........'........
#....................).....[.
#...........@....(..P.P......
###########..##YK........_(......
........###..##..##..##.P.P.#[.##
..........#...#..######.....#####
..........#p..#.p.....>..........
..###..##..p###p.................
..###.....#..#...#.........#.....
...'....#..............##########
........#..........#...#


You could see Pikel (berserk), an ice beast and 2 slaves.

Vanquished Creatures
  2 ogres (D:4)
  A scorpion (D:3)
  2 hounds (D:4)
  An iguana (D:3)
  3 worker ants
  Natasha (D:2)
  2 orc wizards (D:4)
  3 gnolls (D:4)
  4 adders
  3 oozes
  An adder skeleton (D:4)
  A worm (D:4)
  2 dart slugs
  3 leopard geckos
  8 orcs
  A ball python (D:4)
  5 giant cockroaches
  10 goblins
  13 hobgoblins
  7 jackals
  10 kobolds
  A quokka (D:4)
  6 bats
  3 frilled lizards
  6 rats
99 creatures vanquished.

Vanquished Creatures (collateral kills)
  A dart slug (D:1)
  2 jackals (D:1)
  A bat (D:3)
  A frilled lizard (D:1)
5 creatures vanquished.

Grand Total: 104 creatures vanquished

Notes
Turn   | Place    | Note
-------+----------+-------------------------------------------
     0 | D:1      | Bombadil the Vampire Necromancer began the quest for the
                  | Orb.
     0 | D:1      | Reached XP level 1. HP: 13/13 MP: 3/3
    68 | D:1      | Learned a level 1 spell: Animate Skeleton
   171 | D:1      | Reached XP level 2. HP: 16/19 MP: 0/5
   559 | D:1      | Reached skill level 5 in Necromancy
   919 | D:1      | Reached XP level 3. HP: 23/24 MP: 3/6
  1392 | D:1      | Learned a level 3 spell: Regeneration
  1757 | D:2      | Reached XP level 4. HP: 23/30 MP: 3/8
  1929 | D:2      | Noticed Natasha
  1939 | D:2      | Learned a level 4 spell: Animate Dead
  1943 | D:2      | Killed Natasha
  2339 | D:3      | Reached XP level 5. HP: 31/35 MP: 5/10
  2975 | D:3      | Found a glowing silver altar of Zin.
  3118 | D:3      | Reached skill level 6 in Necromancy
  3249 | D:4      | Found Cyikhet's Armour Boutique.
  3260 | D:4      | Learned a level 3 spell: Vampiric Draining
  3276 | D:4      | Found an ancient bone altar of Kikubaaqudgha.
  3376 | D:4      | Reached XP level 6. HP: 39/41 MP: 5/12
  3513 | D:4      | Found a basalt altar of Yredelemnul.
  3834 | D:4      | Reached skill level 5 in Spellcasting
  3924 | D:5      | Entered Level 5 of the Dungeon
  3924 | D:5      | Noticed a slave
  3924 | D:5      | Noticed a slave
  3976 | D:4      | Found a staircase to the Ecumenical Temple.
  3989 | Temple   | Entered the Ecumenical Temple
  4017 | Temple   | Became a worshipper of Gozag Ym Sagoz the Greedy
  4060 | D:4      | Reached XP level 7. HP: 42/46 MP: 9/14
  4157 | D:4      | Reached skill level 7 in Necromancy
  4669 | D:5      | Noticed Menkaure
  5018 | D:5      | Noticed Pikel
  5219 | D:4      | Slain by Pikel

Levels and vault maps discovered:
D:1:      dpeg_arrival_shrine, layout_loops_cross,
          chequers_serial_rivers_small_a, minmay_crystal_water
D:2:      layout_loops_cross, uniq_natasha
D:3:      layout_loops_ring, zin_scriptorium, minivault_5,
          minmay_fractal_squares_5
D:4:      layout_gridville, yredelemnul_altar_generic, kiku_gazebo_pond_becter,
          minmay_temple_entry_sparse_star, serial_shops, shop, first_ration,
          hangedman_decor_slide_cut
D:5:      layout_cave_pools, lemuel_round_altar,
          gammafunk_temple_overflow_pools, serial_park, serial_park_gazebo
          [serial_park_minivault_5x5_8], minmay_fractal_squares_diagonal_5,
          uniq_menkaure, uniq_pikel, uniq_grinder
Temple:   nicolae_temple_great_sept

Skill      XL: |  1  2  3  4  5  6  7 |
---------------+----------------------+-----
Necromancy     | 5 6 7 |  7.2
Spellcasting   | 3 4 5 |  5.4
Stealth        | 4 |  4.0
Dodging        | |  2.4
Charms         | |  0.2

Action                   |  1- 3 |  4- 6 |  7- 9 || total
-------------------------+-------+-------+-------++-------
Melee: Staff             |       |       |   194 ||   194
       Bite              |       |       |    17 ||    17
 Cast: Pain              |    67 |   123 |    27 ||   217
       Animate Skeleton  |    15 |    19 |       ||    34
       Regeneration      |       |     4 |       ||     4
       Animate Dead      |       |     1 |       ||     1
       Vampiric Draining |       |       |     2 ||     2
  Use: Scroll            |     2 |       |       ||     2
Armor: Robe              |     2 |     6 |    39 ||    47
Dodge: Dodged            |    23 |    17 |   122 ||   162
